Workbook

Sheet CashRatio
B2: Cash Ratio Analysis
B3: Magnimetrics
B5: in EUR
B7: Metric | D7: FY2016 | E7: FY2017 | F7: FY2018 | G7: FY2019 | H7: FY2020
B8: Cash and cash equivalents | D8: ='FY''16-20'!D67 -> 15556225 | E8: ='FY''16-20'!E67 -> 9096313 | F8: ='FY''16-20'!F67 -> 5908045.5 | G8: ='FY''16-20'!G67 -> 11523958 | H8: ='FY''16-20'!H67 -> 4999999.5
B9: Current liabilities | D9: ='FY''16-20'!D84 -> 1.5823204e+08 | E9: ='FY''16-20'!E84 -> 1.8398131e+08 | F9: ='FY''16-20'!F84 -> 2.1802368e+08 | G9: ='FY''16-20'!G84 -> 1.9840624e+08 | H9: ='FY''16-20'!H84 -> 2.4677666e+08
B10: Cash Ratio | D10: =D8/D9 -> 0.098312743 | E10: =E8/E9 -> 0.049441505 | F10: =F8/F9 -> 0.027098183 | G10: =G8/G9 -> 0.058082641 | H10: =H8/H9 -> 0.020261234
B30: Reference Calculations | D30: =D7 -> FY2016 | E30: =E7 -> FY2017 | F30: =F7 -> FY2018 | G30: =G7 -> FY2019 | H30: =H7 -> FY2020
B31: Cash and cash equivalents | D31: ='FY''16-20'!D67 -> 15556225 | E31: ='FY''16-20'!E67 -> 9096313 | F31: ='FY''16-20'!F67 -> 5908045.5 | G31: ='FY''16-20'!G67 -> 11523958 | H31: ='FY''16-20'!H67 -> 4999999.5
B32: Receivables | D32: ='FY''16-20'!D64+'FY''16-20'!D65+'FY''16-20'!D66 -> 43466550 | E32: ='FY''16-20'!E64+'FY''16-20'!E65+'FY''16-20'!E66 -> 63497055 | F32: ='FY''16-20'!F64+'FY''16-20'!F65+'FY''16-20'!F66 -> 71208113 | G32: ='FY''16-20'!G64+'FY''16-20'!G65+'FY''16-20'!G66 -> 91151888 | H32: ='FY''16-20'!H64+'FY''16-20'!H65+'FY''16-20'!H66 -> 92238141
B33: Inventory | D33: ='FY''16-20'!D62+'FY''16-20'!D63 -> 1.6820318e+08 | E33: ='FY''16-20'!E62+'FY''16-20'!E63 -> 2.0765978e+08 | F33: ='FY''16-20'!F62+'FY''16-20'!F63 -> 2.6303468e+08 | G33: ='FY''16-20'!G62+'FY''16-20'!G63 -> 2.44717e+08 | H33: ='FY''16-20'!H62+'FY''16-20'!H63 -> 3.18e+08
B34: Current Liabilities | D34: ='FY''16-20'!D84 -> 1.5823204e+08 | E34: ='FY''16-20'!E84 -> 1.8398131e+08 | F34: ='FY''16-20'!F84 -> 2.1802368e+08 | G34: ='FY''16-20'!G84 -> 1.9840624e+08 | H34: ='FY''16-20'!H84 -> 2.4677666e+08
B35: Quick Ratio | D35: =(D31+D32)/D34 -> 0.37301407 | E35: =(E31+E32)/E34 -> 0.39456925 | F35: =(F31+F32)/F34 -> 0.35370542 | G35: =(G31+G32)/G34 -> 0.51750311 | H35: =(H31+H32)/H34 -> 0.39403298
B36: Current Ratio | D36: =SUM(D31:D33)/D34 -> 1.4360301 | E36: =SUM(E31:E33)/E34 -> 1.5232696 | F36: =SUM(F31:F33)/F34 -> 1.5601555 | G36: =SUM(G31:G33)/G34 -> 1.7509169 | H36: =SUM(H31:H33)/H34 -> 1.6826476

Sheet FY'16-20
B2: Financials Summary 2016 to 2020
B3: Magnimetrics
B5: in EUR
D7: FY 2016 | E7: FY 2017 | F7: FY 2018 | G7: FY 2019 | H7: FY 2020
A9: 1 | B9: Income Statement
D11: 1 | E11: 2 | F11: 3 | G11: 4 | H11: 5
B13: Sales, net of early payment bonuses | D13: 3.9496459e+08 | E13: 4.1273799e+08 | F13: 5.1179511e+08 | G13: 5.2203101e+08 | H13: 6.3144063e+08
B14: Material Cost (BOM) | D14: -3.0412273e+08 | E14: -3.1904647e+08 | F14: -4.0329455e+08 | G14: -4.1553669e+08 | H14: -4.8033607e+08
B15: Profit on BOM | D15: =SUM(D13:D14) -> 90841855 | E15: =SUM(E13:E14) -> 93691524 | F15: =SUM(F13:F14) -> 1.0850056e+08 | G15: =SUM(G13:G14) -> 1.0649433e+08 | H15: =SUM(H13:H14) -> 1.5110456e+08
B16: BOM Margin | D16: =D15/D13 -> 0.23 | E16: =E15/E13 -> 0.227 | F16: =F15/F13 -> 0.212 | G16: =G15/G13 -> 0.204 | H16: =H15/H13 -> 0.23930129
B18: Production Staff Costs (in COGS) | D18: -22749960 | E18: -21297280 | F18: -28865244 | G18: -23386989 | H18: -38638433
B19: Other Production Costs | D19: -3949645.9 | E19: -3384451.5 | F19: -7472208.6 | G19: -7517246.6 | H19: -8026341.1
B20: Cost of Sales | D20: =D14+D18+D19 -> -3.3082234e+08 | E20: =E14+E18+E19 -> -3.437282e+08 | F20: =F14+F18+F19 -> -4.39632e+08 | G20: =G14+G18+G19 -> -4.4644092e+08 | H20: =H14+H18+H19 -> -5.2700085e+08
B21: Gross profit | D21: =D13+D20 -> 64142249 | E21: =E13+E20 -> 69009792 | F21: =F13+F20 -> 72163111 | G21: =G13+G20 -> 75590091 | H21: =H13+H20 -> 1.0443978e+08
B22: Gross margin | D22: =D21/D13 -> 0.1624 | E22: =E21/E13 -> 0.1672 | F22: =F21/F13 -> 0.141 | G22: =G21/G13 -> 0.1448 | H22: =H21/H13 -> 0.16539921
B24: Administrative expenses | D24: -19590244 | E24: -15271306 | F24: -13613750 | G24: -16339571 | H24: -23544975
B25: Selling expenses | D25: -8570731.5 | E25: -9121509.7 | F25: -11259492 | G25: -11484682 | H25: -14695312
B26: Other operating income / (expense) | D26: -8333752.8 | E26: -9204057.3 | F26: -9877645.7 | G26: -8770121 | H26: -13639848
B27: EBITDA | D27: =D21+D24+D25+D26 -> 27647521 | E27: =E21+E24+E25+E26 -> 35412920 | F27: =F21+F24+F25+F26 -> 37412223 | G27: =G21+G24+G25+G26 -> 38995717 | H27: =H21+H24+H25+H26 -> 52559649
B28: EBITDA margin | D28: =D27/D13 -> 0.07 | E28: =E27/E13 -> 0.0858 | F28: =F27/F13 -> 0.0731 | G28: =G27/G13 -> 0.0747 | H28: =H27/H13 -> 0.083237673
B30: Depreciation and amortization | D30: -10861526 | E30: -11804307 | F30: -11668929 | G30: -11797901 | H30: -15986156
B31: EBIT | D31: =D27+D30 -> 16785995 | E31: =E27+E30 -> 23608613 | F31: =F27+F30 -> 25743294 | G31: =G27+G30 -> 27197816 | H31: =H27+H30 -> 36573493
B32: EBIT margin | D32: =D31/D13 -> 0.0425 | E32: =E31/E13 -> 0.0572 | F32: =F31/F13 -> 0.0503 | G32: =G31/G13 -> 0.0521 | H32: =H31/H13 -> 0.057920716
B34: Non-operating expenses | D34: -671439.8 | E34: -619106.99 | F34: -972410.71 | G34: -1096265.1 | H34: -1179790.1
B35: Non-operating income
B37: Interest expense | D37: -962500 | E37: -1067500 | F37: -1172500 | G37: -1260000 | H37: -1312500
B38: Other finance income/(costs), net
B39: Total finance income/(costs), net | D39: =SUM(D37:D38) -> -962500 | E39: =SUM(E37:E38) -> -1067500 | F39: =SUM(F37:F38) -> -1172500 | G39: =SUM(G37:G38) -> -1260000 | H39: =SUM(H37:H38) -> -1312500
B40: Profit / (loss) before income tax | D40: =D31+D34+D35+D39 -> 15152055 | E40: =E31+E34+E35+E39 -> 21922006 | F40: =F31+F34+F35+F39 -> 23598383 | G40: =G31+G34+G35+G39 -> 24841551 | H40: =H31+H34+H35+H39 -> 34081203
B42: Income tax (expense) | D42: =-10%*D40 -> -1515205.5 | E42: =-10%*E40 -> -2192200.6 | F42: =-10%*F40 -> -2359838.3 | G42: =-10%*G40 -> -2484155.1 | H42: =-10%*H40 -> -3408120.3
B43: Profit / (loss) for the period | D43: =D40+D42 -> 13636850 | E43: =E40+E42 -> 19729806 | F43: =F40+F42 -> 21238545 | G43: =G40+G42 -> 22357396 | H43: =H40+H42 -> 30673083
B44: Profit margin | D44: =D43/D13 -> 0.034526765 | E44: =E43/E13 -> 0.047802252 | F44: =F43/F13 -> 0.04149814 | G44: =G43/G13 -> 0.042827715 | H44: =H43/H13 -> 0.048576353
B46: Number of items sold (units) | D46: 216380.1 | E46: 205561.09 | F46: 234494.71 | G46: 215481.63 | H46: 255532.59
B47: Average price per item | D47: =D13/D46 -> 1825.3277 | E47: =E13/E46 -> 2007.8605 | F47: =F13/F46 -> 2182.5444 | G47: =G13/G46 -> 2422.6242 | H47: =H13/H46 -> 2471.0767
B48: Gross Profit per item | D48: =D21/D46 -> 296.43322 | E48: =E21/E46 -> 335.71428 | F48: =F21/F46 -> 307.73876 | G48: =G21/G46 -> 350.79599 | H48: =H21/H46 -> 408.71415
B49: EBITDA per item | D49: =D27/D46 -> 127.77294 | E49: =E27/E46 -> 172.27443 | F49: =F27/F46 -> 159.54399 | G49: =G27/G46 -> 180.97003 | H49: =H27/H46 -> 205.68668
A51: 2 | B51: Balance Sheet
D53: 1 | E53: 2 | F53: 3 | G53: 4 | H53: 5
B55: ASSETS
B56: Non-current assets
B57: Property, plant and equipment | D57: 1.1754573e+08 | E57: 1.1046047e+08 | F57: 1.0475388e+08 | G57: 99405667 | H57: 91667435
B58: Intangible assets | D58: 11593781 | E58: 9823135.1 | F58: 8072795.8 | G58: 6303110.7 | H58: 3905187.3
B59: Deferred tax asset | D59: 1718314 | E59: 1718314 | F59: 2918307.2 | G59: 2918307.2 | H59: 2918307.2
B60: Total non-current assets | D60: =SUM(D57:D59) -> 1.3085783e+08 | E60: =SUM(E57:E59) -> 1.2200192e+08 | F60: =SUM(F57:F59) -> 1.1574499e+08 | G60: =SUM(G57:G59) -> 1.0862708e+08 | H60: =SUM(H57:H59) -> 98490929
B61: Current assets
B62: Raw materials | D62: 1.1846757e+08 | E62: 1.525034e+08 | F62: 1.9002073e+08 | G62: 1.6290084e+08 | H62: 2.24e+08
B63: Finished goods | D63: 49735613 | E63: 55156377 | F63: 73013945 | G63: 81816163 | H63: 94000000
B64: Trade receivables | D64: 38134015 | E64: 56852263 | F64: 63735078 | G64: 82147561 | H64: 82200000
B65: Intercompany receivables | D65: 806000 | E65: 915000 | F65: 1245000 | G65: 1590000 | H65: 1800000
B66: Other receivables | D66: 4526535.6 | E66: 5729791.9 | F66: 6228034.7 | G66: 7414327 | H66: 8238141.1
B67: Cash and cash equivalents | D67: 15556225 | E67: 9096313 | F67: 5908045.5 | G67: 11523958 | H67: 4999999.5
B68: Total current assets | D68: =SUM(D62:D67) -> 2.2722596e+08 | E68: =SUM(E62:E67) -> 2.8025315e+08 | F68: =SUM(F62:F67) -> 3.4015084e+08 | G68: =SUM(G62:G67) -> 3.4739285e+08 | H68: =SUM(H62:H67) -> 4.1523814e+08
B69: Total assets | D69: =D60+D68 -> 3.5808379e+08 | E69: =E60+E68 -> 4.0225507e+08 | F69: =F60+F68 -> 4.5589582e+08 | G69: =G60+G68 -> 4.5601993e+08 | H69: =H60+H68 -> 5.1372907e+08
B70: EQUITY
B71: Shareholder's equity
B72: Share capital | D72: 50000000 | E72: 50000000 | F72: 50000000 | G72: 50000000 | H72: 50000000
B73: Reserves | D73: 55750000 | E73: 55750000 | F73: 85750000 | G73: 85750000 | H73: 85750000
B74: Retained earnings | D74: 91683750 | E74: 1.1010576e+08 | F74: 99704140 | G74: 1.1944569e+08 | H74: 1.2878441e+08
B75: Total equity | D75: =SUM(D72:D74) -> 1.9743375e+08 | E75: =SUM(E72:E74) -> 2.1585576e+08 | F75: =SUM(F72:F74) -> 2.3545414e+08 | G75: =SUM(G72:G74) -> 2.5519569e+08 | H75: =SUM(H72:H74) -> 2.6453441e+08
B76: LIABILITIES
B77: Non – current liabilities
B78: Bank debt | D78: 2418000 | E78: 2418000 | F78: 2418000 | G78: 2418000 | H78: 2418000
B79: Total non-current liabilities | D79: =SUM(D78:D78) -> 2418000 | E79: =SUM(E78:E78) -> 2418000 | F79: =SUM(F78:F78) -> 2418000 | G79: =SUM(G78:G78) -> 2418000 | H79: =SUM(H78:H78) -> 2418000
B80: Current Liabilities
B81: Bank debt | D81: 66082500 | E81: 69664500 | F81: 73246500 | G81: 75828500 | H81: 76410500
B82: Trade payables | D82: 88528249 | E82: 1.1076653e+08 | F82: 1.4115445e+08 | G82: 1.1841368e+08 | H82: 1.6584e+08
B83: Other liabilities | D83: 3621286.7 | E83: 3550281.1 | F83: 3622735.8 | G83: 4164064.2 | H83: 4526156.7
B84: Total current liabilities | D84: =SUM(D81:D83) -> 1.5823204e+08 | E84: =SUM(E81:E83) -> 1.8398131e+08 | F84: =SUM(F81:F83) -> 2.1802368e+08 | G84: =SUM(G81:G83) -> 1.9840624e+08 | H84: =SUM(H81:H83) -> 2.4677666e+08
B85: Total liabilities | D85: =D79+D84 -> 1.6065004e+08 | E85: =E79+E84 -> 1.8639931e+08 | F85: =F79+F84 -> 2.2044168e+08 | G85: =G79+G84 -> 2.0082424e+08 | H85: =H79+H84 -> 2.4919466e+08
B86: Total liabilities and shareholders’ equity | D86: =D75+D85 -> 3.5808379e+08 | E86: =E75+E85 -> 4.0225507e+08 | F86: =F75+F85 -> 4.5589582e+08 | G86: =G75+G85 -> 4.5601993e+08 | H86: =H75+H85 -> 5.1372907e+08
B87: Check | D87: =ROUND(D69-D86,0) -> 0 | E87: =ROUND(E69-E86,0) -> 0 | F87: =ROUND(F69-F86,0) -> 0 | G87: =ROUND(G69-G86,0) -> 0 | H87: =ROUND(H69-H86,0) -> 0
